 Dungeon Crawl Stone Soup version 0.22.0-16-gc6d26f6 (webtiles) character file.

583 NormalPerson7T the Twirler (level 7, 0/56 HPs)
             Began as a Formicid Fighter on Aug 17, 2018.
             Was an Initiate of Ru.
             Succumbed to a big kobold's poison
             ... on level 3 of the Dungeon.
             The game lasted 00:04:18 (2319 turns).

NormalPerson7T the Twirler (Formicid Fighter)       Turns: 2319, Time: 00:04:19

Health: 0/56       AC: 12    Str: 23    XL:     7   Next: 64%
Magic:  7/7        EV:  8    Int:  7    God:    Ru [......]
Gold:   98         SH: 10    Dex: 10    Spells: 6/6 levels left

rFire    x . .     SeeInvis +   a - +0 quarterstaff
rCold    + + .     Gourm    .   c - +0 shield
rNeg     . . .     Faith    .   e - +0 ice dragon scales {rF- rC++}
rPois    .         Spirit   .   (helmet unavailable)
rElec    .         Reflect  .   n - +0 cloak
rCorr    .         Harm     .   q - +0 pair of gloves
MR       .....                  (no boots)
Stlth    ..........             (no amulet)
HPRegen  0.18/turn              (no ring)
MPRegen  0.10/turn              (no ring)

@: lethally poisoned (0 -> -3)
A: permanent stasis, dig shafts and tunnels, four strong arms, antennae 3
a: Dig, Shaft Self, Renounce Religion


You were on level 3 of the Dungeon.
You worshipped Ru.
Ru was noncommittal.
You were very hungry.

You visited 1 branch of the dungeon, and saw 3 of its levels.

You collected 98 gold pieces.

Inventory:

Hand Weapons
 a - a +0 quarterstaff (weapon)
 i - a +0 short sword
Armour
 b - a +0 scale mail
 c - a +0 shield (worn)
 e - +0 ice dragon scales (worn) {rF- rC++}
 m - a scarf of cloud immunity
 n - a +0 cloak (worn)
 q - a +0 pair of gloves (worn)
Wands
 t - a wand of paralysis (12)
Scrolls
 g - 4 scrolls of identify {!r, unknown}
 h - a scroll of random uselessness {!r, unknown}
 j - 2 scrolls of remove curse {!r, unknown}
 k - 2 scrolls of blinking {!r, unknown}
 l - 2 scrolls of enchant weapon {!r, unknown}
 s - a scroll of enchant armour {!r, unknown}
Potions
 d - a potion of might {!q}
 o - a potion of mutation {!q, unknown}
 p - a potion of curing {!q, unknown}
 r - a potion of degeneration {!q, unknown}
Comestibles
 f - 7 rations


   Skills:
 + Level 5.5 Fighting
 * Level 6.1 Staves
 - Level 3.2 Armour
 + Level 5.0 Shields


You had 6 spell levels left.
You didn't know any spells.
Your spell library was empty.

Dungeon Overview and Level Annotations

Branches:
Dungeon (3/15)

Altars:
Ru


Innate Abilities, Weirdness & Mutations

You cannot be hasted, slowed, berserked, paralysed or teleported.
You can dig through walls and to a lower floor.
Your four strong arms can wield two-handed weapons with a shield.
You have a pair of large antennae on your head. (SInv)


Message History

* * * LOW HITPOINT WARNING * * *
You feel sick.
i - a short sword
* * * LOW HITPOINT WARNING * * *
You feel sick.
* * * LOW HITPOINT WARNING * * *
You feel sick.
Unknown command.
You swing at nothing.
You swing at nothing.
* * * LOW HITPOINT WARNING * * *
You feel sick.
Unknown command.
Unknown command.
* * * LOW HITPOINT WARNING * * *
You feel sick.
Unknown command.
You swing at nothing.
You swing at nothing.
You die...

............#####...#############
......###..K# #...# ............#
#...# .###.....#..# #..)#
............# ##### #
.##.........# ##### .##.........#
#....
.##.........#################.##.
.#######.##.)().@....(...........
.#.......###############.........
.#.####### #......... .#.#
#......... .#.# #........# .#.#
### #####..... .#.# ... #...##
.#.# #.###### ... .. #....# .#.#
#.#....# #.# ... #.....


There were no monsters in sight!

Vanquished Creatures
  6 big kobolds (D:3)
  Jessica (D:2)
  Robin (D:3)
  A gnoll (D:3)
  2 adders (D:2)
  2 worms (D:2)
  4 dart slugs
  A leopard gecko (D:2)
  A ball python (D:3)
  6 bats
  3 giant cockroaches
  19 goblins
  11 hobgoblins
  4 jackals (D:1)
  26 kobolds
  A quokka (D:3)
  3 frilled lizards
  4 rats
96 creatures vanquished.

Notes
Turn   | Place    | Note
-------+----------+-------------------------------------------
     0 | D:1      | NormalPerson7T the Formicid Fighter began the quest for the Orb.
     0 | D:1      | Reached XP level 1. HP: 18/18 MP: 1/1
   230 | D:1      | Reached XP level 2. HP: 24/24 MP: 2/2
   517 | D:1      | Reached XP level 3. HP: 29/30 MP: 3/3
   521 | D:1      | Reached skill level 3 in Staves
   703 | D:2      | Noticed Jessica
   707 | D:2      | Killed Jessica
   707 | D:2      | Reached XP level 4. HP: 37/37 MP: 4/4
  1302 | D:2      | Reached skill level 4 in Staves
  1322 | D:2      | Reached XP level 5. HP: 41/42 MP: 5/5
  1679 | D:3      | Found a sacrificial altar of Ru.
  1686 | D:3      | Became a worshipper of Ru the Awakened
  1785 | D:3      | Noticed Robin
  1798 | D:3      | Killed Robin
  2151 | D:3      | Noticed a big kobold
  2162 | D:3      | Killed a big kobold
  2162 | D:3      | Reached XP level 6. HP: 45/49 MP: 6/6
  2192 | D:3      | Reached skill level 5 in Staves
  2275 | D:3      | Reached skill level 5 in Fighting
  2275 | D:3      | Reached XP level 7. HP: 56/56 MP: 7/7
  2311 | D:3      | Reached skill level 6 in Staves
  2311 | D:3      | Reached skill level 5 in Shields
  2314 | D:3      | HP: 2/56 [poisoned by a big kobold]
  2319 | D:3      | Succumbed to a big kobold's poison

Skill      XL: |  1  2  3  4  5  6  7 |
---------------+----------------------+-----
Staves         | 3 4 5 6 |  6.1
Fighting       | 4 5 |  5.5
Shields        | 4 5 |  5.0
Armour         | |  3.2

Action                   |  1- 3 |  4- 6 |  7- 9 || total
-------------------------+-------+-------+-------++-------
Melee: Quarterstaff      |    64 |   214 |    31 ||   309
  Eat: Chunk             |       |     4 |       ||     4
Armor: Ice dragon scales |    26 |   130 |     6 ||   162
Dodge: Dodged            |    13 |    60 |     5 ||    78
Block: Shield            |    23 |   130 |    13 ||   166
